 Dungeon Crawl Stone Soup version 0.31.0-12-g77e489cdc1 (webtiles) character file.

Game seed: 4780220728661182547

2403 raph the Chopper (level 9, -7/65 HPs)
             Began as a Minotaur Hedge Wizard on Feb 22, 2024.
             Was a Believer of Hepliaklqana.
             Mangled by a gnoll
             ... wielding a +3 spear
             ... led by a gnoll sergeant
              (8 damage)
             ... on level 7 of the Dungeon.
             The game lasted 00:09:17 (3878 turns).

raph the Chopper (Minotaur Hedge Wizard)            Turns: 3878, Time: 00:09:18

Health: -7/65      AC:  4    Str: 21    XL:     9   Next: 23%
Magic:  13/13      EV: 14    Int: 13    God:    Hepliaklqana [**....]
Gold:   208        SH:  5    Dex: 18    Spells: 9/15 levels left

rFire   + + .        a - +7 war axe "Piutizic" {spect, rF++ SInv}
rCold   . . .        m - +0 buckler
rNeg    . . .        v - +2 robe
rPois   .            c - +0 hat
rElec   .            (no cloak)
rCorr   .            (no gloves)
SInv    +            (no boots)
Will    .....        i - amulet of regeneration
Stlth   +++          f - +6 ring of strength
HPRegen 1.10/turn    s - +6 ring of dexterity
MPRegen 0.13/turn

%: no passive effects
@: lethally poisoned (-7 -> -7)
A: reduced essence, horns 2, retaliatory headbutt
a: Renounce Religion, Ancestor Life: Knight, Ancestor Life: Battlemage, Ancestor
Life: Hexer, Recall Ancestor, Ancestor Identity


You were on level 7 of the Dungeon.
You worshipped Hepliaklqana.
Hepliaklqana was pleased with you.
You visited 1 branch of the dungeon, and saw 7 of its levels.

You collected 316 gold pieces.
You spent 108 gold pieces at shops.

Inventory:

Hand Weapons
 a - the +7 war axe "Piutizic" (weapon) {spect, rF++ SInv}
   (You found it on level 3 of the Dungeon)

   rF++:      It greatly protects you from fire.
   SInv:      It lets you see invisible.
 b - a +1 whip of flaming
 p - a +0 dagger
 q - a +4 whip
Missiles
 A - 5 curare-tipped darts
Armour
 c - a +0 hat (worn)
 m - a +0 buckler (worn)
 v - a +2 robe (worn)
Jewellery
 f - a +6 ring of strength (left hand)
 i - an amulet of regeneration (around neck)
 s - a +6 ring of dexterity (right hand)
 y - a ring of fire
Wands
 x - a wand of flame (21)
Scrolls
 g - a scroll of identify
 n - a scroll of teleportation
Potions
 d - 2 potions of magic
 e - a potion of enlightenment
 h - a potion of curing
 j - a potion of resistance
 k - 4 potions of brilliance
 o - a potion of attraction
 r - a potion of might
 z - a potion of haste


   Skills:
 * Level 4.9 Fighting
 * Level 5.3 Axes
 + Level 5.0 Dodging
 + Level 3.9 Stealth
 + Level 4.2 Shields
 + Level 3.6 Spellcasting
 - Level 0.9 Conjurations
 * Level 4.3 Summonings
 + Level 2.7 Translocations


You had 9 spell levels left.
You knew the following spells:

 Your Spells              Type           Power      Damage    Failure   Level
a - Magic Dart            Conj           16%        1d3       19%         1
b - Call Imp              Summ           26%        N/A       7%          2
c - Apportation           Tloc           18%        N/A       9%          1
d - Blink                 Tloc           18%        N/A       13%         2

Your spell library contained the following spells:

 Spells                   Type           Power      Damage    Failure   Level
 Slow                     Hex            8%         N/A       26%         1
 Searing Ray              Conj           8%         2d4       28%         2
 Cigotuvi's Dreadful Rot  Necr/Alch/Air  4%         N/A       38%         2
 Jinxbite                 Hex            4%         N/A       38%         2
 Mephitic Cloud           Conj/Alch/Air  3%         N/A       56%         3
 Fulminant Prism          Conj/Alch      1%         3d5       91%         4
 Alistair's Intoxication  Alch           1%         N/A       100%        5


Dungeon Overview and Level Annotations

Branches:
Dungeon (7/15)             Temple (0/1) D:7

Altars:
Elyvilon
Hepliaklqana
Uskayaw
Xom
Yredelemnul

Shops:
D:1 !   D:6 ==[

Annotations:
D:6 Edmund


Innate Abilities, Weirdness & Mutations

Your life essence is reduced to manifest your ancestor. (-10% HP)
You have a pair of horns on your head.
You reflexively headbutt those who attack you in melee.


Message History

You are too injured to fight recklessly!
You are too injured to fight recklessly!
Your +7 war axe "Piutizic" {spect, rF++ SInv} disappears.
Things that are here:
a +0 flail; a +0 spear The jelly attacks as it pursues you!
The jelly hits you but does no damage.
A jelly is nearby!
You hit the jelly.
Your hands burn!
The jelly is almost dead.
You block the jelly's attack.
You hit the jelly.
You kill the jelly!
You barely miss the steam dragon.
The steam dragon is severely wounded.
The steam dragon closely misses you. x2; You block the steam dragon's attack.
The steam dragon closely misses you.
You slash the steam dragon!
You kill the steam dragon!
The kobold brigand throws a poisoned dart.
The poisoned dart hits you!
You are poisoned.
You feel sick. The gnoll hits you with a +3 spear!
You block the kobold brigand's attack. You block the gnoll's attack.
You barely miss the kobold brigand.
The kobold brigand is lightly wounded.
You barely miss the gnoll.
You feel very sick.
The gnoll sergeant hits you from afar with a +1 heavy spear!
* * * LOW HITPOINT WARNING * * *
The gnoll barely misses you. You furiously retaliate!
You headbutt the gnoll! The kobold brigand closely misses you.
You furiously retaliate!
You headbutt the kobold brigand. The gnoll hits you but does no damage.
You closely miss the kobold brigand. You headbutt the kobold brigand!
The kobold brigand is severely wounded.
You closely miss the gnoll.
You feel sick. The gnoll closely misses you.
The kobold brigand hits you with a +0 club.
* * * LOW HITPOINT WARNING * * *
The gnoll hits you but does no damage. The gnoll sergeant closely misses you.
The gnoll hits you with a +3 spear!
You die...

#.......#
#######.# #.#
#.# #.# #.#
#.# ###
#.#######.....
#..YK@.g..#
###.g####.#
####g####.###
#...K)Kg....#
#.#..§♣.Y.#.#
#....♣g g...#
#...♣.♣. ..g.
#..♣ ♣ ♣. ..#
#.♣ ♣. .#


You could see an ice beast, a kobold brigand, a gnoll sergeant, 2 gnolls and a
kobold.

Vanquished Creatures
  Pikel (D:5)
  A steam dragon (D:7)
  A water moccasin (D:5)
  An ice beast (D:6)
  2 black bears
  An ogre (D:6)
  A phantom (D:6)
  A bullfrog (D:6)
  A gnoll sergeant (D:7)
  4 scorpions
  3 wights (D:6)
  3 killer bees (D:5)
  2 howler monkeys (D:7)
  A quasit (D:4)
  2 bombardier beetles
  A jelly (D:7)
  A sleepcap (D:5)
  2 iguanas
  An orc wizard (D:3)
  4 gnolls (D:7)
  10 adders
  2 shadow imps (D:4)
  4 white imps
  An ufetubus (D:4)
  A dart slug (D:2)
  3 ribbon worms
  21 orcs
  4 endoplasms
  5 giant cockroaches
  4 goblins
  8 hobgoblins
  7 jackals
  6 kobolds
  3 quokkas
  7 ball pythons
  10 bats
  7 frilled lizards
  6 rats
143 creatures vanquished.

Vanquished Creatures (collateral kills)
  A lemure (D:5)
  An orc priest (D:5)
2 creatures vanquished.

Vanquished Creatures (others)
  5 ancestors
5 creatures vanquished.

Grand Total: 150 creatures vanquished

Notes
Turn   | Place    | Note
-------+----------+-------------------------------------------
     0 | D:1      | raph the Minotaur Hedge Wizard began the quest for the Orb.
     0 | D:1      | Reached XP level 1. HP: 14/14 MP: 2/2
    93 | D:1      | Reached XP level 2. HP: 18/22 MP: 4/4
   271 | D:1      | Found Qunoirr's Distillery.
   323 | D:1      | Bought a potion of curing for 36 gold pieces
   392 | D:1      | Reached skill level 1 in Fighting
   441 | D:1      | Learned a level 2 spell: Call Imp
   596 | D:1      | Reached skill level 1 in Summonings
   844 | D:2      | Reached XP level 3. HP: 15/28 MP: 5/5
  1042 | D:2      | Identified a scroll of acquirement
  1042 | D:2      | Acquired an amulet of regeneration
  1135 | D:2      | Found a hazy altar of Hepliaklqana.
  1179 | D:2      | Reached XP level 4. HP: 35/35 MP: 6/6
  1181 | D:2      | Became a worshipper of Hepliaklqana the Forgotten
  1291 | D:2      | Learned a level 1 spell: Apportation
  1294 | D:2      | Learned a level 2 spell: Blink
  1459 | D:3      | Identified the +7 war axe "Piutizic" {spect, rF++ SInv}
  1532 | D:3      | Reached skill level 1 in Translocations
  1562 | D:1      | Bought a potion of heal wounds for 60 gold pieces
  1613 | D:1      | Bought a potion of degeneration for 12 gold pieces
  1675 | D:3      | Reached XP level 5. HP: 41/41 MP: 7/7
  1744 | D:3      | Reached skill level 1 in Axes
  1970 | D:4      | Found a hide-covered altar of Uskayaw.
  1985 | D:4      | Reached * piety under Hepliaklqana
  2026 | D:4      | Found a hazy altar of Hepliaklqana.
  2161 | D:4      | Reached skill level 1 in Shields
  2265 | D:4      | Reached XP level 6. HP: 45/45 MP: 8/8
  2595 | D:5      | Entered Level 5 of the Dungeon
  2595 | D:5      | Noticed Pikel
  2609 | D:5      | Killed Pikel
  2610 | D:5      | Reached XP level 7. HP: 16/51 MP: 7/10
  2753 | D:5      | Reached XP level 8. HP: 41/59 MP: 11/11
  2984 | D:5      | Found a white marble altar of Elyvilon.
  3303 | D:6      | Found Pafownih's Antique Armour Boutique.
  3303 | D:6      | Found a basalt altar of Yredelemnul.
  3323 | D:6      | Reached ** piety under Hepliaklqana
  3442 | D:6      | Found Pamo's Jewellery Shop.
  3469 | D:6      | Found Wiufyf Aty's Jewellery Boutique.
  3582 | D:6      | Reached XP level 9. HP: 64/64 MP: 13/13
  3663 | D:6      | Noticed Edmund
  3663 | D:6      | Noticed a kobold demonologist
  3675 | D:6      | Noticed a sun demon
  3677 | D:6      | Noticed a smoke demon
  3680 | D:6      | Noticed a sun demon
  3680 | D:6      | Found a shimmering altar of Xom.
  3690 | D:6      | HP: 1/64 [sun demon[a kobold demonologist] (3)]
  3782 | D:7      | Found a staircase to the Ecumenical Temple.
  3856 | D:7      | Reached skill level 5 in Axes
  3860 | D:7      | Reached skill level 5 in Dodging
  3878 | D:7      | HP: 1/65 [kobold brigand/+0 club (5)]
  3878 | D:7      | Mangled by a gnoll

Illustrated notes

Levels and vault maps discovered:
D:1:      spicycebolla_green_bress_n_ham, layout_basic, serial_shops,
          nicolae_shop_tiny_glass, minmay_vboxes
D:2:      layout_rooms, basic_altar, minmay_ruptured
D:3:      layout_rooms, hex_medium, hangedman_abyss_or_decor_stabs
D:4:      layout_basic, lemuel_tele_altar, lemuel_doored_altar, serial_demonic,
          serial_demonic_g, serial_demonic_f, serial_demonic_f,
          serial_demonic_d, serial_demonic_f, nicolae_titane
D:5:      layout_loops_ring, nicolae_elyvilon_peaceful_grove, uniq_pikel
D:6:      layout_cave_pools, nicolae_overflow_crystal_walls,
          yredelemnul_altar_generic, serial_shops, shop, shop,
          nicolae_stop_n_shop_2, uniq_eustachio, uniq_edmund
D:7:      layout_loops_ring, okawaru_trees_2, grunt_dithmenos_shadows,
          minmay_temple_entry_glass, uniq_joseph

Skill      XL: |  1  2  3  4  5  6  7  8  9 |
---------------+----------------------------+-----
Fighting       | 1 2 3 4 |  4.9
Summonings     | 1 2 3 4 |  4.3
Stealth        | 2 3 |  3.9
Dodging        | 3 4 5 |  5.0
Translocations | 1 2 |  2.7
Axes           | 1 2 3 4 5 |  5.3
Shields        | 1 2 4 |  4.2
Spellcasting   | 3 |  3.6
Conjurations   | |  0.9

Action                     |  1- 3 |  4- 6 |  7- 9 || total
---------------------------+-------+-------+-------++-------
  Melee: Dagger            |   123 |    19 |       ||   142
         Headbutt          |    10 |     7 |    11 ||    28
         War axe           |       |    57 |    72 ||   129
   Cast: Magic Dart        |     4 |       |     2 ||     6
         Call Imp          |       |     1 |     2 ||     3
    Use: Scroll            |     1 |     1 |     9 ||    11
         Potion            |       |       |     3 ||     3
   Stab: Sleeping          |     2 |       |     3 ||     5
         Distracted        |       |     1 |     2 ||     3
 Armour: Robe              |    18 |       |    51 ||    69
         Leather armour    |    55 |    48 |       ||   103
  Dodge: Dodged            |    92 |    34 |    61 ||   187
  Block: Buckler           |     7 |    11 |    24 ||    42
